AoeStats
← Aloxen

Fortress

510418667Analyzed
1v1 RM · 2d ago on Sep 30, 2026· 38m 43s· 2 players
Game mode
Random Map
Map size
Small (3 player)
Population
200
Speed
Normal
Resources
Standard
Victory
Conquest
Starting age
Dark Age
Ending age
Imperial Age
RankedLock teamsTeams togetherTeam positionsShared explorationLock speedFull tech treeHidden civsTurbo modeCheats
Victory
Defeat
🇪🇸 Spanish · Spain
1197
+16
🇨🇱 Cumans · Chile
1187
-16
Lianai
7:17 Feudal Age
8:07 Double-Bit Axe
8:04 Horse Collar
15:43 Castle Age
13:37 Loom
14:20 Stone Mining
14:20 Gold Mining
15:39 Wheelbarrow
15:31 Fletching
15:43 Padded Archer Armor
16:08 Town Watch
19:06 Bodkin Arrow
19:49 Leather Archer Armor
23:53 Bloodlines
24:42 Ballistics
25:47 Gold Shaft Mining
28:59 Imperial Age
26:45 Hand Cart
27:05 Steppe Husbandry
27:27 Bow Saw
30:07 Conscription
29:26 Heavy Cavalry Archer
31:02 Parthian Tactics
31:45 Ring Archer Armor
31:05 Pikeman
31:45 Squires
31:39 Halberdier
33:05 Scale Mail Armor
33:16 Forging
35:30 Chemistry
35:43 Two-Man Saw
35:19 Heavy Plow
35:49 Chain Mail Armor
36:10 Iron Casting
37:43 Plate Mail Armor
Aloxen
7:40 Feudal Age
11:21 Castle Age
9:29 Double-Bit Axe
9:34 Horse Collar
12:32 Bow Saw
13:12 Wheelbarrow
15:28 Heavy Plow
15:50 Loom
19:29 Hand Cart
19:01 Town Watch
24:42 Imperial Age
23:30 Scale Barding Armor
23:36 Forging
25:22 Fortified Wall
24:49 Cavalier
25:30 Husbandry
25:40 Bloodlines
26:25 Gold Mining
26:30 Stone Mining
27:42 Two-Man Saw
28:10 Chain Barding Armor
28:25 Iron Casting
28:17 Conscription
30:04 Plate Barding Armor
28:52 Paladin
33:58 Blast Furnace
33:22 Padded Archer Armor
33:13 Fletching
33:46 Ballistics
34:27 Chemistry
33:48 Elite Skirmisher
34:34 Thumb Ring
35:44 Leather Archer Armor
35:49 Bodkin Arrow
37:17 Ring Archer Armor
37:46 Bracer
Connection lost

Rejoining the realm…

Still unreachable

The connection could not be restored.

Session expired

The server has moved on; the page needs a fresh start.